[Event "Titled Tuesday Blitz March 01 Late 2022"]
[White "Aldokhin, Ivan"]
[Black "Dronavalli, Harika"]
[WhiteFideId "24115720"]
[BlackFideId "5015197"]
[WhiteElo "2231"]
[BlackElo "2382"]
[Result "0-1"]
[Round "08"]
[TimeControl "180+1"]
[Date "2022.03.01"]
[WhiteClock "0:00:05"]
[BlackClock "0:00:14"]

1. e4 c5 2. Nf3 e6 3. d4 cxd4 4. Nxd4 a6 5. Nc3 b5 6. a4 b4 7. Na2 Bb7 8. f3 Nc6 9. Be3 Nge7 10. Nb3 d5 11. Bd3 Ng6 12. exd5 Qxd5 13. Be4 Qxd1+ 14. Rxd1 f5 15. Bd3 Nce5 16. Be2 Bd5 17. Nac1 Nc4 18. Bd4 Kf7 19. Nd3 Be7 20. Nd2 Rhc8 21. f4 a5 22. Bh5 Bf6 23. Nb3 Bxd4 24. Nxd4 Kf6 25. Bxg6 hxg6 26. Kf2 g5 27. Rhe1 Nd6 28. fxg5+ Kxg5 29. Nxe6+ Kf6 30. Ndf4 Ne4+ 31. Rxe4 Bxe4 32. Nd4 Bxc2 33. Rd2 Be4 34. h4 Ra7 35. Nb5 Re7 36. Nd6 Rc1 37. Nh5+ Ke5 38. b3 Rb1 39. Nc4+ Ke6 40. Rd6+ Kf7 41. Nf4 Rxb3 42. Rg6 Rc3 43. Nd6+ Kg8 44. Nb5 Rc2+ 45. Kg3 b3 46. Rb6 b2 47. Nd6 Rc3+ 48. Kf2 b1=Q 49. Rxb1 Bxb1 50. Ng6 Rc2+ 51. Kg3 Rd7 52. Nxf5 Rd3+ 53. Kf4 Rc4+ 54. Kg5 Ra3 55. g4 Rc5 56. Ne7+ Kf7 57. h5 Bxf5 58. Nxf5 Rxf5+ 59. gxf5 Rxa4 0-1


[Site "https://www.chess.com"]

[Event "Titled Tuesday Blitz March 01 Late 2022"]
[White "Al-Tarboush, Ward"]
[Black "Djokic, Mihailo"]
[WhiteFideId "7601450"]
[BlackFideId "976440"]
[WhiteElo "2276"]
[BlackElo "2008"]
[Result "0-1"]
[Round "08"]
[TimeControl "180+1"]
[Date "2022.03.01"]
[WhiteClock "0:00:04"]
[BlackClock "0:00:03"]

1. d4 Nf6 2. Nc3 g6 3. e4 d6 4. Nf3 Nbd7 5. Be2 c5 6. O-O cxd4 7. Nxd4 Bg7 8. Be3 O-O 9. h3 Nc5 10. Bf3 Nfd7 11. b4 Na6 12. a3 Ne5 13. Be2 Be6 14. f4 Rc8 15. Ncb5 Nc4 16. Bf2 Nb2 17. Qc1 Na4 18. Nxa7 Nc3 19. Bxa6 bxa6 20. Qd2 Nxe4 21. Qd3 Nxf2 22. Rxf2 Rc7 23. Nac6 Qc8 24. Nxe6 Qxe6 25. Nd4 Qd5 26. Rd1 Rfc8 27. Rfd2 a5 28. b5 Bxd4+ 29. Qxd4 Qxb5 30. Re1 h5 31. Rde2 Qb7 32. Re3 Rxc2 33. Rf3 R8c4 34. Qe3 e6 35. f5 exf5 36. Qg5 Re4 37. Rd1 Ree2 38. Rg3 Qb6+ 39. Kh2 Qc7 40. Rg1 d5 41. h4 Rc4 42. Kh3 Ree4 43. Qxh5 Rxh4+ 44. Qxh4 Rxh4+ 45. Kxh4 Qf4+ 46. Kh3 Qh6# 0-1


[Site "https://www.chess.com"]

[Event "Titled Tuesday Blitz March 01 Late 2022"]
[White "Ashiev, Eduard"]
[Black "Martin Barcelo, Carles"]
[WhiteFideId "4130090"]
[BlackFideId "24561444"]
[WhiteElo "2004"]
[BlackElo "1875"]
[Result "0-1"]
[Round "08"]
[TimeControl "180+1"]
[Date "2022.03.02"]
[WhiteClock "0:00:03"]
[BlackClock "0:00:21"]

1. d4 Nf6 2. Nf3 b6 3. c4 Bb7 4. Nc3 e6 5. a3 d5 6. cxd5 Nxd5 7. e4 Nxc3 8. bxc3 Bxe4 9. Ne5 Bb7 10. Qg4 Qd5 11. Be3 Nd7 12. Nf3 Qe4 13. Qh3 Qf5 14. Qxf5 exf5 15. Bd3 g6 16. O-O Be7 17. Nd2 O-O 18. Rfe1 Rfe8 19. Nc4 Rad8 20. Bf4 c5 21. Nd6 Bxd6 22. Bxd6 cxd4 23. cxd4 Nf6 24. Be5 Nd5 25. Bc4 Rc8 26. Rac1 Rxc4 27. Rxc4 f6 28. f4 Nxf4 29. Bxf4 Rxe1+ 30. Kf2 Ra1 31. Rc7 Ra2+ 32. Ke3 Rxa3+ 33. Kd2 Ra2+ 34. Kc3 Bxg2 35. Bh6 Be4 36. Rg7+ Kh8 37. Rc7 Rc2+ 38. Kb4 Rxc7 0-1


[Site "https://www.chess.com"]

[Event "Titled Tuesday Blitz March 01 Late 2022"]
[White "Aukhatov, Roman"]
[Black "Landaw, Julian"]
[WhiteFideId "44150768"]
[BlackFideId "2023342"]
[WhiteElo "2112"]
[BlackElo "2312"]
[Result "1-0"]
[Round "08"]
[TimeControl "180+1"]
[Date "2022.03.02"]
[WhiteClock "0:01:49"]
[BlackClock "0:01:03"]

1. Nf3 Nf6 2. c4 e6 3. g3 b6 4. Bg2 Bb7 5. O-O Be7 6. Nc3 O-O 7. Re1 Ne4 8. Nxe4 Bxe4 9. d3 Bb7 10. e4 d6 11. d4 Nd7 12. b3 a5 13. Bb2 a4 14. d5 Bf6 15. Nd4 axb3 16. axb3 Rxa1 17. Qxa1 Nc5 18. Re3 e5 19. Nb5 Bg5 20. Rc3 Qd7 21. b4 Na6 22. Rb3 f5 23. Bh3 g6 24. Bc3 Qf7 25. exf5 gxf5 26. Ra3 f4 27. Be6 1-0


[Site "https://www.chess.com"]

[Event "Titled Tuesday Blitz March 01 Late 2022"]
[White "Bilych, Olexiy"]
[Black "Maksimovic, Bojan"]
[WhiteFideId "14156504"]
[BlackFideId "14408120"]
[WhiteElo "2195"]
[BlackElo "2450"]
[Result "0-1"]
[Round "08"]
[TimeControl "180+1"]
[Date "2022.03.01"]
[WhiteClock "0:00:02"]
[BlackClock "0:00:01"]

1. d4 a6 2. e4 b5 3. Bd3 Bb7 4. Nf3 e6 5. O-O d6 6. a4 b4 7. c3 bxc3 8. Nxc3 Nd7 9. Re1 g6 10. Bg5 Ne7 11. e5 h6 12. Bh4 Bg7 13. exd6 cxd6 14. d5 e5 15. Ne4 Qb8 16. Bxe7 Kxe7 17. Nc3 Kf8 18. b4 a5 19. bxa5 Rxa5 20. Bb5 Nc5 21. Nd2 Kg8 22. Nc4 Ra7 23. Rb1 Qc7 24. Be8 Ra8 25. Nb5 Qe7 26. Bc6 Rd8 27. Bxb7 Nxb7 28. Na7 Ra8 29. Nc6 Qc7 30. a5 Kh7 31. Qb3 Nc5 32. Qb6 Qd7 33. Nb4 Rhd8 34. Nc6 Rdc8 35. Rec1 Bf8 36. Qb2 Nd3 37. Qc2 Nxc1 38. Rxc1 Rxc6 39. dxc6 Qxc6 40. Qb2 Rc8 41. Rc2 Qa4 42. h3 d5 43. Ne3 Rxc2 44. Nxc2 d4 0-1


[Site "https://www.chess.com"]

[Event "Titled Tuesday Blitz March 01 Late 2022"]
[White "Bortnyk, Olexandr"]
[Black "Demchenko, Anton"]
[WhiteFideId "14120828"]
[BlackFideId "4160258"]
[WhiteElo "2723"]
[BlackElo "2539"]
[Result "1-0"]
[Round "08"]
[TimeControl "180+1"]
[Date "2022.03.01"]
[WhiteClock "0:00:22"]
[BlackClock "0:00:03"]

1. d4 Nf6 2. Nc3 d5 3. Bf4 a6 4. e3 b5 5. Nf3 e6 6. a3 c5 7. h3 Bb7 8. Ne5 Nbd7 9. Qf3 Nxe5 10. Bxe5 Bd6 11. Qg3 Nh5 12. Qg4 Bxe5 13. dxe5 g6 14. Be2 O-O 15. h4 f5 16. Qg5 Qxg5 17. hxg5 d4 18. Nd1 Bxg2 19. Rh2 Be4 20. Bxh5 gxh5 21. f4 Rfd8 22. exd4 cxd4 23. Kd2 Rac8 24. Rc1 Rc4 25. Nf2 Bf3 26. Rh3 Bg4 27. Rd3 Rdc8 28. b3 R4c7 29. Rxd4 Kg7 30. c4 bxc4 31. bxc4 h6 32. gxh6+ Kxh6 33. Rd6 Rc6 34. c5 h4 35. Nd3 Kh5 36. Ke3 a5 37. Rb1 h3 38. Rb7 Kh4 39. Kf2 Rxc5 40. Rh7+ Bh5 41. Nxc5 Rxc5 42. Rxe6 Rc2+ 43. Ke3 Re2+ 44. Kd3 h2 45. Reh6 h1=Q 46. Rxh5+ Kg3 47. Rxh1 1-0


[Site "https://www.chess.com"]

[Event "Titled Tuesday Blitz March 01 Late 2022"]
[White "Bryakin, Mikhail"]
[Black "Astasio Lopez, David"]
[WhiteFideId "4165314"]
[BlackFideId "2230208"]
[WhiteElo "2421"]
[BlackElo "2355"]
[Result "1/2-1/2"]
[Round "08"]
[TimeControl "180+1"]
[Date "2022.03.01"]
[WhiteClock "0:01:07"]
[BlackClock "0:00:19"]

1. e4 c5 2. c3 Nf6 3. e5 Nd5 4. d4 cxd4 5. Bc4 e6 6. cxd4 b6 7. Nf3 Bb7 8. O-O Be7 9. Nc3 Nxc3 10. bxc3 Qc7 11. Qe2 Nc6 12. Bd2 Rc8 13. Rac1 Na5 14. Bd3 Nc4 15. Bf4 h6 16. h3 Bd5 17. Nd2 b5 18. Ne4 Qc6 19. Rfe1 a6 20. Bg3 Nb6 21. h4 O-O 22. Qh5 Nc4 23. Bf4 f5 24. exf6 Bxf6 25. Qg6 Rf7 26. Bxh6 Bxh4 27. Ng5 Bxf2+ 28. Kh2 Qd6+ 29. Kh1 Bxg2+ 30. Kxg2 Qg3+ 31. Kh1 Qh4+ 32. Kg2 Qg3+ 33. Kh1 Qh4+ 34. Kg2 Qg3+ 1/2-1/2


[Site "https://www.chess.com"]

[Event "Titled Tuesday Blitz March 01 Late 2022"]
[White "Cagara, Paulina"]
[Black "Gatterer, Florian"]
[WhiteFideId "1124870"]
[BlackFideId "811688"]
[WhiteElo "1828"]
[BlackElo "2218"]
[Result "0-1"]
[Round "08"]
[TimeControl "180+1"]
[Date "2022.03.02"]
[WhiteClock "0:00:13"]
[BlackClock "0:00:32"]

1. e4 c5 2. Nc3 e6 3. g3 d5 4. exd5 exd5 5. d4 Nf6 6. Bg5 cxd4 7. Qxd4 Nc6 8. Bb5 Bd7 9. Qe3+ Be6 10. O-O-O Be7 11. Bxf6 gxf6 12. Nf3 O-O 13. Nd4 Nxd4 14. Qxd4 a6 15. Bd3 Rc8 16. Rhe1 f5 17. Qf4 Bf6 18. h4 Qa5 19. Re5 Rxc3 20. bxc3 Qxc3 21. Rf1 Bxe5 22. Qg5+ Bg7 23. h5 h6 24. Qe7 Rc8 25. g4 Qxd3 0-1


[Site "https://www.chess.com"]

[Event "Titled Tuesday Blitz March 01 Late 2022"]
[White "Calcada, Lucas Galvan"]
[Black "Mogranzini, Roberto"]
[WhiteFideId "22746099"]
[BlackFideId "810894"]
[WhiteElo "1402"]
[BlackElo "2469"]
[Result "0-1"]
[Round "08"]
[TimeControl "180+1"]
[Date "2022.03.02"]
[WhiteClock "0:01:56"]
[BlackClock "0:01:36"]

1. e4 c5 2. Nf3 Nc6 3. d4 cxd4 4. Nxd4 Qb6 5. Nb3 Nf6 6. Nc3 e6 7. Be3 Qc7 8. f4 d6 9. Qf3 a6 10. O-O-O Be7 11. g4 b5 12. g5 Nd7 13. h4 Bb7 14. Bd3 Nb4 15. Kb1 Rc8 16. Qg3 Nxd3 17. cxd3 b4 18. Na4 Qc2+ 19. Ka1 Qc6 20. Na5 Qxa4 21. Nxb7 Qb5 22. f5 Qxb7 23. fxe6 fxe6 24. Qg4 Nf8 25. h5 Qd7 0-1


[Site "https://www.chess.com"]

[Event "Titled Tuesday Blitz March 01 Late 2022"]
[White "Carre, Sylvain"]
[Black "Erdogdu, Mert"]
[WhiteFideId "642118"]
[BlackFideId "6301495"]
[WhiteElo "2105"]
[BlackElo "2485"]
[Result "0-1"]
[Round "08"]
[TimeControl "180+1"]
[Date "2022.03.02"]
[WhiteClock "0:00:08"]
[BlackClock "0:01:27"]

1. d4 d5 2. Bf4 Nf6 3. e3 c5 4. c3 Nc6 5. Nd2 e6 6. Ngf3 Bd6 7. Bg3 O-O 8. Bd3 b6 9. Qe2 Bb7 10. Rd1 Re8 11. e4 Be7 12. e5 Nh5 13. a3 a5 14. h4 g6 15. Qe3 Ba6 16. Bxa6 Rxa6 17. Ng5 Bf8 18. Bh2 Ng7 19. g4 h5 20. f3 cxd4 21. cxd4 b5 22. Rc1 a4 23. O-O b4 24. axb4 Nxb4 25. Kg2 Rb6 26. Ra1 Nc2 27. Qc3 Nxa1 28. Rxa1 Qb8 29. Ra2 Rc8 30. Qa5 Rxb2 31. Qxa4 Rc4 32. Rxb2 Qxb2 33. Qd1 Rc2 34. Bf4 Bb4 0-1


[Site "https://www.chess.com"]

[Event "Titled Tuesday Blitz March 01 Late 2022"]
[White "Caruana, Fabiano"]
[Black "Demidov, Mikhail"]
[WhiteFideId "2020009"]
[BlackFideId "4197143"]
[WhiteElo "2744"]
[BlackElo "2525"]
[Result "1/2-1/2"]
[Round "08"]
[TimeControl "180+1"]
[Date "2022.03.01"]
[WhiteClock "0:00:12"]
[BlackClock "0:00:12"]

1. e4 e6 2. d4 d5 3. Nc3 Be7 4. Nf3 Nf6 5. Bd3 c5 6. exd5 exd5 7. dxc5 O-O 8. O-O Bxc5 9. Bg5 Be6 10. h3 Nc6 11. Ne2 h6 12. Bh4 g5 13. Bg3 Ne4 14. c3 Qf6 15. Nfd4 Nxd4 16. cxd4 Bb6 17. Be5 Qe7 18. Nc3 f6 19. Bh2 Rad8 20. Bc2 Qb4 21. Qh5 Kg7 22. Nxe4 dxe4 23. Bxe4 Bf7 24. Qf3 Rxd4 25. Bxb7 Rd2 26. Bg3 h5 27. h4 gxh4 28. Bf4 Rxb2 29. Be4 Re8 30. Bd3 Rd8 31. Bh6+ Kg8 32. Qxf6 Qd4 33. Qg5+ Kh8 34. Qf5 Bg8 35. Bg5 Rd6 36. Bf4 Rd5 37. Qg6 Qg7 38. Qxg7+ Kxg7 39. Be4 Ra5 40. a3 Bd4 41. Rad1 Bf6 42. Rd7+ Bf7 43. Bf3 Rf5 44. Be3 Rbb5 45. Bd4 Bxd4 46. Rxd4 Rbe5 47. a4 h3 48. Rfd1 hxg2 49. Kxg2 Rg5+ 50. Kh2 Ref5 51. R4d3 Rf4 52. Bg2 Rxf2 53. Rg3 Rxg3 54. Kxg3 Rf5 55. Rd7 Rg5+ 56. Kf2 Ra5 57. Bc6 Kf6 58. Bb5 a6 59. Rd6+ Ke5 60. Rxa6 Rxa6 61. Bxa6 Bb3 62. Be2 h4 63. Kg2 Kf4 64. Kh2 Bxa4 65. Bf1 Bd7 66. Bg2 Ke3 67. Bh1 Kf2 68. Bg2 Bg4 69. Bh1 Bf3 70. Bxf3 Kxf3 71. Kh3 Kf4 72. Kxh4 1/2-1/2


[Site "https://www.chess.com"]

[Event "Titled Tuesday Blitz March 01 Late 2022"]
[White "Celestino, Rafael Teixeira"]
[Black "Sarkar, Justin"]
[WhiteFideId "2108925"]
[BlackFideId "2010011"]
[WhiteElo "2240"]
[BlackElo "2038"]
[Result "1-0"]
[Round "08"]
[TimeControl "180+1"]
[Date "2022.03.02"]
[WhiteClock "0:00:21"]
[BlackClock "0:00:01"]

1. e4 e5 2. Nf3 Nc6 3. Bc4 Nf6 4. Ng5 d5 5. exd5 Na5 6. Bb5+ c6 7. dxc6 bxc6 8. Qf3 Be7 9. Bxc6+ Nxc6 10. Qxc6+ Bd7 11. Qc3 O-O 12. O-O Rc8 13. Qb3 h6 14. Nf3 e4 15. Ne5 Be6 16. Qa4 Bd6 17. f4 Qb6+ 18. Kh1 Nd5 19. Qxe4 f5 20. Qf3 Rxc2 21. Nc3 Nb4 22. a3 Bxe5 23. axb4 Bd4 24. Qd3 Bb3 25. Ra3 Bxc3 26. bxc3 1-0


[Site "https://www.chess.com"]

[Event "Titled Tuesday Blitz March 01 Late 2022"]
[White "Cupid, Kevin"]
[Black "Leenhouts, Koen"]
[WhiteFideId "7700512"]
[BlackFideId "1008439"]
[WhiteElo "2096"]
[BlackElo "2409"]
[Result "1/2-1/2"]
[Round "08"]
[TimeControl "180+1"]
[Date "2022.03.02"]
[WhiteClock "0:00:01"]
[BlackClock "0:00:08"]

1. d3 e5 2. Nf3 Nc6 3. g3 Nf6 4. Bg2 d5 5. O-O Be7 6. Bg5 O-O 7. c4 Be6 8. cxd5 Nxd5 9. Bxe7 Qxe7 10. Nc3 Nxc3 11. bxc3 Rad8 12. Qa4 Qc5 13. Rfc1 Rfe8 14. Nd2 Bd5 15. Bxd5 Qxd5 16. Rab1 b6 17. Rb5 Qd7 18. Qc4 Na5 19. Qb4 c5 20. Qa4 Nb7 21. Nc4 e4 22. Nb2 Nd6 23. Rb3 Qxa4 24. Nxa4 exd3 25. exd3 Nf5 26. Nb2 Re2 27. Kf1 Rde8 28. Rd1 h5 29. a4 Rc2 30. Re1 Rxe1+ 31. Kxe1 g5 32. a5 bxa5 33. Nd1 h4 34. Ra3 h3 35. Rxa5 Nxg3 36. fxg3 Rxh2 37. Nf2 g4 38. Nxg4 Rg2 39. Kf1 Rxg3 40. Nf2 h2 41. Rxc5 Rxd3 42. Rh5 Rxc3 43. Rxh2 a5 44. Rh4 Rc1+ 45. Ke2 Rc5 46. Nd3 Rf5 47. Ke3 Rd5 48. Ke4 Rb5 49. Rg4+ Kf8 50. Rg2 a4 51. Ra2 Ra5 52. Ra3 Ra8 53. Nc5 Ke7 54. Kd4 Rd8+ 55. Kc4 Ra8 56. Kb4 Rb8+ 57. Kc4 Ra8 58. Nxa4 Kf8 59. Kb4 Ra7 60. Rf3 Rb7+ 61. Kc4 Rc7+ 62. Nc5 Re7 63. Kd5 Re1 64. Ne4 Rd1+ 65. Ke5 Re1 66. Kf5 Ke7 67. Rf4 Kf8 68. Nf6 Ra1 69. Nd7+ Ke7 70. Nb6 Ra5+ 71. Kg4 Rb5 72. Nc4 f5+ 73. Kg5 Ke6 74. Ne3 Re5 75. Ng2 Re4 76. Rxf5 Re5 77. Nf4+ Kd6 78. Rxe5 Kxe5 1/2-1/2


[Site "https://www.chess.com"]

[Event "Titled Tuesday Blitz March 01 Late 2022"]
[White "Curtis, John"]
[Black "Jaskolka, Tomasz"]
[WhiteFideId "3200256"]
[BlackFideId "1170791"]
[WhiteElo "2203"]
[BlackElo "2054"]
[Result "1/2-1/2"]
[Round "08"]
[TimeControl "180+1"]
[Date "2022.03.02"]
[WhiteClock "0:00:09"]
[BlackClock "0:00:07"]

1. d4 e6 2. e4 d5 3. e5 c5 4. c3 Nc6 5. Nf3 Bd7 6. Bd3 Qb6 7. O-O cxd4 8. cxd4 Nxd4 9. Nxd4 Qxd4 10. Nc3 a6 11. Re1 Ne7 12. Qf3 Nc6 13. Bf4 Qb6 14. Rad1 Be7 15. Qh5 g6 16. Qh6 Bf8 17. Qh3 Bg7 18. b3 Rd8 19. Na4 Qb4 20. Bd2 Qe7 21. Bf4 O-O 22. Nb6 Qb4 23. Nxd7 Rxd7 24. Qe3 a5 25. Bg3 a4 26. Rb1 axb3 27. Rxb3 Qd4 28. Qe2 Ra8 29. Bb5 Rc7 30. h4 Qc5 31. Bxc6 bxc6 32. h5 Qc4 33. Qxc4 dxc4 34. Rb4 Rxa2 35. Rxc4 c5 36. Rec1 Ra5 37. Bf4 gxh5 38. Be3 Bf8 39. f4 Kg7 40. Kf2 Kg6 41. Kf3 Kf5 42. Rh1 Ra3 43. Rxh5+ Kg6 44. Rg5+ Kh6 45. f5 exf5 46. Rxf5+ Kg6 47. Rf6+ Kg7 48. Ke4 Be7 49. Bh6+ Kg8 50. Rb6 Rc8 51. e6 fxe6 52. Ke5 Bf8 53. Bxf8 Rxf8 54. Rxe6 Re3+ 55. Kd6 Rxe6+ 56. Kxe6 Rf2 57. g4 Kg7 58. Rxc5 Kg6 59. Rc8 h6 60. Rg8+ Kh7 61. Rc8 Kg7 62. Ke5 Kg6 63. Rg8+ Kh7 64. Ra8 Rf7 65. Ke4 Kg6 66. Ra5 Re7+ 67. Kf4 Rc7 68. Kg3 Rc3+ 69. Kh4 Rc1 70. Ra6+ Kf7 71. Ra7+ Kf6 72. Rh7 Kg6 73. Rc7 Kf6 74. Rxc1 Kg6 75. Rc5 Kf6 76. Rh5 Kg6 77. Kg3 Kf6 78. Kf4 Kg6 79. g5 Kxh5 80. gxh6 Kxh6 1/2-1/2


[Site "https://www.chess.com"]

[Event "Titled Tuesday Blitz March 01 Late 2022"]
[White "Daggupati, Balaji"]
[Black "Tari, Aryan"]
[WhiteFideId "2090759"]
[BlackFideId "1510045"]
[WhiteElo "2757"]
[BlackElo "2567"]
[Result "0-1"]
[Round "08"]
[TimeControl "180+1"]
[Date "2022.03.01"]
[WhiteClock "0:00:09"]
[BlackClock "0:01:22"]

1. e4 c6 2. d4 d5 3. Nc3 dxe4 4. Nxe4 Nf6 5. Nxf6+ exf6 6. c3 Bd6 7. Bd3 O-O 8. Qc2 Re8+ 9. Be3 h5 10. Ne2 Nd7 11. O-O-O b5 12. Ng3 h4 13. Nf5 Nb6 14. Nxh4 Be6 15. Kb1 a5 16. Nf5 Bf8 17. h4 Qd5 18. Kc1 Qxa2 19. Qb1 Qd5 20. Be4 Qd7 21. g4 b4 22. d5 cxd5 23. Bxb6 Qc6 24. Nh6+ gxh6 25. Bh7+ Kh8 26. Bd4 bxc3 27. bxc3 Bg7 28. Bd3 f5 29. Bxg7+ Kxg7 30. Kd2 d4 31. cxd4 Qf3 32. Rdf1 Qf4+ 33. Kd1 Bd5 34. Rhg1 Bf3+ 35. Kc2 Rec8+ 36. Kb3 Rab8+ 37. Ka2 Bd5+ 0-1


[Site "https://www.chess.com"]

[Event "Titled Tuesday Blitz March 01 Late 2022"]
[White "Debray, Christopher"]
[Black "Vine, Elzbieta"]
[WhiteFideId "630810"]
[BlackFideId "1119320"]
[WhiteElo "2369"]
[BlackElo "1851"]
[Result "1-0"]
[Round "08"]
[TimeControl "180+1"]
[Date "2022.03.02"]
[WhiteClock "0:00:19"]
[BlackClock "0:00:01"]

1. e4 c5 2. c3 Nf6 3. e5 Nd5 4. d4 cxd4 5. cxd4 Nc6 6. Bc4 e6 7. Nf3 Bb4+ 8. Bd2 Qa5 9. O-O O-O 10. Bd3 d6 11. Bxh7+ Kxh7 12. Ng5+ Kg6 13. Qg4 f5 14. exf6 Nxf6 15. Qg3 Bxd2 16. Nxe6+ Kf7 17. Nxf8 Kxf8 18. Qxd6+ Kg8 19. Na3 Bb4 20. Qg3 Bxa3 21. bxa3 Nxd4 22. Kh1 Bd7 23. Rfd1 Nf5 24. Qb3+ 1-0


[Site "https://www.chess.com"]

[Event "Titled Tuesday Blitz March 01 Late 2022"]
[White "Derraugh, Geordie"]
[Black "Szente Varga, Fruzsina"]
[WhiteFideId "2603950"]
[BlackFideId "712264"]
[WhiteElo "2116"]
[BlackElo "1994"]
[Result "1-0"]
[Round "08"]
[TimeControl "180+1"]
[Date "2022.03.02"]
[WhiteClock "0:00:17"]
[BlackClock "0:00:18"]

1. e4 Nf6 2. e5 Nd5 3. c4 Nb6 4. c5 Nd5 5. d4 d6 6. exd6 exd6 7. cxd6 Bxd6 8. Nc3 Nf4 9. Nf3 O-O 10. Be3 Re8 11. Qd2 Nc6 12. O-O-O Ng6 13. h4 h5 14. Bd3 Nf8 15. Ng5 Nb4 16. Bb1 c6 17. d5 cxd5 18. Nxd5 Nxd5 19. Qxd5 Qc7+ 20. Bc2 Bf4 21. Kb1 Bxe3 22. fxe3 Be6 23. Nxe6 Rxe6 24. Qxh5 Rb6 25. Bb3 a5 26. Rhf1 Ne6 27. Rc1 Qe7 28. Rc4 Rba6 29. Rg4 a4 30. Bc4 Rb6 31. Qe5 Qf8 32. h5 Re8 33. h6 g6 34. h7+ Kxh7 35. Rh4+ Qh6 36. Rxh6+ Kxh6 37. Rh1# 1-0


[Site "https://www.chess.com"]

[Event "Titled Tuesday Blitz March 01 Late 2022"]
[White "Dias, Joao Batista"]
[Black "Osmonbekov, Talaibek"]
[WhiteFideId "2108240"]
[BlackFideId "2017253"]
[WhiteElo "1898"]
[BlackElo "2135"]
[Result "0-1"]
[Round "08"]
[TimeControl "180+1"]
[Date "2022.03.02"]
[WhiteClock "0:00:40"]
[BlackClock "0:00:13"]

1. e4 c5 2. f4 a6 3. Nf3 b5 4. d4 cxd4 5. Qxd4 Bb7 6. Bd3 Nc6 7. Qf2 d6 8. a3 Rc8 9. Nc3 e6 10. Be3 Nf6 11. h3 Be7 12. O-O O-O 13. Rad1 Qc7 14. Bb6 Qb8 15. Be3 Qc7 16. Bb6 Qb8 17. Be3 Rfe8 18. g4 d5 19. e5 Nd7 20. Nd4 Nxd4 21. Bxd4 Bc5 22. Ne2 Bxd4 23. Qxd4 Qc7 24. Rf3 Qc5 25. Qxc5 Nxc5 26. Nd4 Rc7 27. Bf1 Ne4 28. Re3 Bc8 29. Bd3 Nc5 30. Bf1 Bd7 31. c3 Rec8 32. Bg2 g6 33. Kf2 Na4 34. Rd2 Nb6 35. Bf1 Kf8 36. Kg3 Ke7 37. h4 Bc6 38. Rh2 Bb7 39. h5 Nc4 40. Bxc4 dxc4 41. hxg6 hxg6 42. Rh7 Bd5 43. f5 gxf5 44. gxf5 Rg8+ 45. Kf4 exf5 46. Nxf5+ Kf8 47. Nd6 Be6 48. Rg3 Rd7 49. Rxg8+ Kxg8 50. Rh2 f6 51. Rg2+ Kf8 52. Rh2 fxe5+ 53. Kxe5 Bg8 54. Rf2+ Kg7 55. Rg2+ Kf8 56. Rf2+ Ke7 57. Rg2 Rxd6 58. Rxg8 Rd2 59. Ra8 Rxb2 60. Ra7+ Kd8 61. Kd6 Kc8 62. Rxa6 Kb7 63. Ra5 Kb6 64. Ra8 Rd2+ 65. Ke5 Rd3 66. Rb8+ Kc6 67. Rc8+ Kb7 68. Rc5 Kb6 69. Rc8 Rxc3 70. Kd5 Rd3+ 71. Ke4 Rxa3 72. Kd4 Rd3+ 73. Ke4 Rd7 74. Ke5 Ka5 75. Ke6 Rd1 76. Ke5 Kb4 77. Ke4 Kb3 78. Ke3 b4 79. Ke2 Rd7 80. Ke3 c3 81. Ke2 Kb2 82. Ke1 b3 83. Ke2 c2 0-1


[Site "https://www.chess.com"]

[Event "Titled Tuesday Blitz March 01 Late 2022"]
[White "Domingo Nunez, Alejandro"]
[Black "Corrales Jimenez, Fidel"]
[WhiteFideId "22245561"]
[BlackFideId "3506690"]
[WhiteElo "2215"]
[BlackElo "2541"]
[Result "1-0"]
[Round "08"]
[TimeControl "180+1"]
[Date "2022.03.01"]
[WhiteClock "0:01:03"]
[BlackClock "0:00:14"]

1. Nf3 Nf6 2. g3 g6 3. b3 Bg7 4. Bb2 d5 5. Bg2 O-O 6. O-O b6 7. c4 Bb7 8. Qc2 dxc4 9. bxc4 c5 10. d3 Nc6 11. a3 Qc7 12. Nc3 Rad8 13. Rab1 h5 14. Ba1 Qd7 15. Rfd1 Nd4 16. Nxd4 Bxg2 17. Kxg2 cxd4 18. Nb5 h4 19. Nxd4 h3+ 20. Kg1 g5 21. c5 Rc8 22. c6 Qg4 23. f3 Qh5 24. Nf5 Rc7 25. Be5 g4 26. d4 Rxc6 27. Nxe7+ Kh8 28. Qxc6 Ne8 29. Bxg7+ Nxg7 30. Rbc1 Re8 31. Qd7 gxf3 32. exf3 Qxf3 33. Qxh3+ Nh5 34. Re1 Kh7 35. Qf5+ Qxf5 36. Nxf5 Rd8 37. Rcd1 Kg6 38. Ne7+ Kg7 39. d5 Nf6 40. d6 Rd7 41. Nc6 Ng4 42. h3 Nh6 43. Ne5 Rd8 44. d7 1-0


[Site "https://www.chess.com"]

[Event "Titled Tuesday Blitz March 01 Late 2022"]
[White "Donatti, Alvaro"]
[Black "Prohorov, Olexandr"]
[WhiteFideId "3000303"]
[BlackFideId "14105578"]
[WhiteElo "2138"]
[BlackElo "1993"]
[Result "0-1"]
[Round "08"]
[TimeControl "180+1"]
[Date "2022.03.02"]
[WhiteClock "0:00:13"]
[BlackClock "0:00:26"]

1. e4 c5 2. Nf3 e6 3. d4 cxd4 4. Nxd4 Qb6 5. Nb3 Nf6 6. Be3 Qc7 7. Nc3 Bb4 8. Qd3 d5 9. exd5 Nxd5 10. O-O-O Nxe3 11. Qxe3 O-O 12. Ne4 Nd7 13. Bd3 f5 14. Ng5 Nc5 15. Nxc5 Bxc5 16. Qh3 h6 17. Nf3 e5 18. Bc4+ Kh8 19. Bb3 e4 20. Nd4 Bd7 21. Qh5 Rae8 22. Kb1 a5 23. a4 Qe5 24. c3 Kh7 25. Rhe1 Re7 26. Qh4 g5 27. Qh5 Be8 28. Qe2 Bg6 29. Qb5 Bxd4 30. Rxd4 Qxb5 31. axb5 f4 32. c4 Rc8 33. Bc2 Kg7 34. b3 e3 35. fxe3 fxe3 36. Bxg6 Kxg6 37. Kc2 Kf5 38. Kd3 Rce8 39. Rf1+ Kg6 40. Rd6+ Kh5 41. Rff6 e2 42. Rxh6+ Kg4 43. Rd4+ Kf5 44. Rhd6 e1=Q 45. g4+ Ke5 46. R4d5+ Kf4 47. Rd4+ Kf3 48. Rf6+ Kg2 0-1


[Site "https://www.chess.com"]

[Event "Titled Tuesday Blitz March 01 Late 2022"]
[White "Dourerassou, Jonathan"]
[Black "Chernomordik, Pavel"]
[WhiteFideId "628050"]
[BlackFideId "2804530"]
[WhiteElo "2513"]
[BlackElo "2249"]
[Result "1-0"]
[Round "08"]
[TimeControl "180+1"]
[Date "2022.03.02"]
[WhiteClock "0:00:22"]
[BlackClock "0:00:02"]

1. b3 g6 2. Bb2 Nf6 3. e4 Bg7 4. e5 Nd5 5. Nf3 O-O 6. c4 Nf4 7. g3 Ne6 8. d4 d6 9. d5 Nc5 10. Bg2 Bg4 11. O-O dxe5 12. Qc2 Bf5 13. Qd2 Nbd7 14. Nh4 Be4 15. f3 Bd3 16. Re1 a5 17. Nc3 f5 18. Nd1 e4 19. Bxg7 Kxg7 20. Nf2 Nf6 21. Qg5 Qd7 22. Bh3 Kh8 23. Qh6 Rg8 24. fxe4 Bxe4 25. Nxe4 Ncxe4 26. Nf3 Qd6 27. Re2 Qc5+ 28. Kg2 Raf8 29. Rf1 Ng4 30. Bxg4 fxg4 31. Ne5 Rxf1 32. Kxf1 Nd6 33. Rf2 Qd4 34. Nf7+ Nxf7 35. Rxf7 Qd1+ 36. Kg2 Qe2+ 37. Rf2 Qe4+ 38. Kg1 Qb1+ 39. Rf1 Qe4 40. Qd2 Kg7 41. Qb2+ Kh6 42. Qc1+ Kg7 43. Qc3+ Kh6 44. Qxa5 Qe3+ 45. Kg2 Qe4+ 46. Kg1 Qe3+ 47. Rf2 Rf8 48. Qd2 Qxd2 49. Rxd2 Kg5 50. Re2 Kf6 51. Rf2+ Kg7 52. Rxf8 Kxf8 53. Kf2 Kf7 54. Ke3 Kf6 55. Ke4 b6 56. a4 e6 57. b4 Ke7 58. Ke5 exd5 59. Kxd5 Kd7 60. a5 c6+ 61. Ke5 bxa5 62. bxa5 Kc7 63. Ke6 Kb7 64. Kd6 1-0


[Site "https://www.chess.com"]

[Event "Titled Tuesday Blitz March 01 Late 2022"]
[White "Dubov, Daniil"]
[Black "Mekhitarian, Krikor Sevag"]
[WhiteFideId "24126055"]
[BlackFideId "2107660"]
[WhiteElo "2791"]
[BlackElo "2598"]
[Result "1-0"]
[Round "08"]
[TimeControl "180+1"]
[Date "2022.03.01"]
[WhiteClock "0:01:32"]
[BlackClock "0:00:17"]

1. d4 Nf6 2. Nf3 g6 3. c4 Bg7 4. Nc3 d5 5. cxd5 Nxd5 6. e4 Nxc3 7. bxc3 c5 8. Bb5+ Bd7 9. Rb1 O-O 10. O-O Bg4 11. Be2 Bxf3 12. Bxf3 cxd4 13. cxd4 Nc6 14. d5 Na5 15. Bf4 Rc8 16. e5 b6 17. d6 Nc4 18. Re1 exd6 19. exd6 Qd7 20. Bg4 f5 21. Re7 Qd8 22. Be2 Na5 23. Qd5+ Kh8 24. Be5 Rg8 25. Bxg7+ Rxg7 26. Qe5 Qf8 27. d7 1-0


[Site "https://www.chess.com"]